 Dungeon Crawl Stone Soup version 0.27.1-35-g4d5d836560 (webtiles) character file.

Game seed: 7796116404895579459

27 Delamore the Sneak (level 3, -1/24 HPs)
             Began as an Octopode Brigand on Apr 18, 2022.
             Shot with a stone by a goblin (6 damage)
             ... led by Robin
             ... on level 2 of the Dungeon.
             The game lasted 00:00:54 (1192 turns).

Delamore the Sneak (Octopode Brigand)               Turns: 1192, Time: 00:00:55

Health: -1/24      AC:  1    Str: 10    XL:     3   Next: 10%
Magic:  3/3        EV: 12    Int: 13    God:
Gold:   26         SH:  3    Dex: 14    Spells: 2/2 levels left

rFire    . . .     SeeInvis .   a - +2 dagger
rCold    . . .     Faith    .   j - +0 buckler
rNeg     . . .     Spirit   .   (helmet restricted)
rPois    .         Reflect  .   (no amulet)
rElec    .         Harm     .   (no ring)
rCorr    .         Rampage  .   (no ring)
Will     .....                  (no ring)
Stlth    ++++......             (no ring)
HPRegen  0.08/turn              (no ring)
MPRegen  0.08/turn              (no ring)
                                (no ring)
                                (no ring)

@: no status effects
A: almost no armour, amphibious, 8 rings, camouflage 1, gelatinous body 1,
(nimble swimmer 1), tentacles
a: no special abilities


You were on level 2 of the Dungeon.
You visited 1 branch of the dungeon, and saw 2 of its levels.

You collected 26 gold pieces.

Inventory:

Hand Weapons
 a - a +2 dagger (weapon)
Missiles
 b - 8 poisoned darts (quivered)
 c - 2 curare-tipped darts
Armour
 j - a +0 buckler (worn)
Jewellery
 d - an amulet of guardian spirit
Scrolls
 e - a scroll of summoning {unknown}
 g - 2 scrolls of teleportation {unknown}
 h - a scroll of identify {unknown}
Potions
 f - a potion of curing {unknown}
 i - a potion of heal wounds {unknown}


   Skills:
 - Level 2.0 Fighting
 * Level 3.0 Short Blades
 - Level 2.0 Throwing
 - Level 1.0 Dodging
 + Level 5.8 Stealth
 + Level 0.3 Shields


You had 2 spell levels left.
You didn't know any spells.
Your spell library was empty.

Dungeon Overview and Level Annotations

Branches:
Dungeon (2/15)

Altars:

Annotations:
D:2 Robin


Innate Abilities, Weirdness & Mutations

You cannot wear most types of armour.
You are amphibious.
You can wear up to eight rings at the same time.
Your skin changes colour to match your surroundings (Stealth+).
Your rubbery body absorbs attacks. (AC +1, EV +1)
((You are camouflaged near water. (Stealth+)))
You have tentacles for arms and can constrict up to eight enemies at once.


Message History

The goblin hits you with a +0 club. You block the goblin's attack.
The goblin no longer looks unusually strong.
The goblin no longer looks unusually strong.
The goblin no longer looks unusually strong.
The goblin shouts!
The goblin no longer looks unusually strong. x2
You closely miss the goblin. Your grab misses the goblin.
You block the goblin's attack.
You hit the goblin. Your grab misses the goblin.
The goblin is heavily wounded.
You hit the goblin but do no damage. You grab the goblin.
The goblin is heavily wounded.
You constrict the goblin. The goblin barely misses you.
You hit the goblin.
You kill the goblin!
A hobgoblin comes into view.
Your Short Blades skill increases to level 3!
The hobgoblin shouts!
You hit the goblin.
You kill the goblin!
The goblin misses you.
A goblin comes into view. It is wielding a +0 dagger.
The goblin shouts!
You hit the goblin.
You kill the goblin!
You hear a shout!
The goblin hits you with a +0 dagger.
A hobgoblin comes into view.
The hobgoblin shouts!
The goblin completely misses you.
The goblin unwields a +0 dagger.
The goblin wields a +0 hunting sling.
The goblin shoots a stone.
The stone completely misses you.
Items here: ))) †††.
Robin throws the goblin at you!
The goblin shoots a stone.
The stone hits you.
The goblin shoots a stone.
The stone hits you.
* * * LOW HITPOINT WARNING * * *
The goblin shoots a stone.
The stone hits you.
You die...

#.##.#.# ##
#..#.#.#
##.#....# #######
#.###.### #.....#
##.#.## #.....#
##.#######.....#
#.# #...#.....#
#.# #.........#
#@# #...#######
#.# ##.###### #.#
#.......####
#.###..###.....
#.g.)...†....#
###.#..##....####
#.#...........#
#.#...........#
#.###.g.......#


You could see a goblin.

Vanquished Creatures
  A worm (D:2)
  A dart slug (D:1)
  A bat (D:1)
  An endoplasm (D:1)
  3 giant cockroaches (D:1)
  7 goblins
  3 kobolds (D:1)
  A quokka (D:2)
  A frilled lizard (D:1)
  A rat (D:1)
20 creatures vanquished.

Notes
Turn   | Place    | Note
-------+----------+-------------------------------------------
     0 | D:1      | Delamore the Octopode Brigand began the quest for the Orb.
     0 | D:1      | Reached XP level 1. HP: 14/14 MP: 1/1
   267 | D:1      | Reached XP level 2. HP: 15/19 MP: 2/2
  1157 | D:2      | Reached XP level 3. HP: 22/24 MP: 3/3
  1157 | D:2      | Noticed Robin
  1192 | D:2      | Shot with a stone by a goblin

Illustrated notes

Levels and vault maps discovered:
D:1:      erik_arrival_orb_chamber, layout_loops_ring, serial_forest,
          infiniplex_forest_clump_long, infiniplex_forest_end_1,
          infiniplex_forest_lined_room_2, infiniplex_forest_3_way,
          infiniplex_forest_clump_small, infiniplex_forest_clump_small
D:2:      layout_loops_cross, uniq_robin

Skill      XL: |  1  2  3 |
---------------+----------+-----
Short Blades   | 3 |  3.0
Fighting       | |  2.0
Throwing       | |  2.0
Dodging        | |  1.0
Stealth        | |  5.8
Shields        | |  0.3

Action                   || total
-------------------------++-------
Melee: Dagger            ||    35
       Constrict         ||    10
       Tentacles         ||     5
 Stab: Sleeping          ||     6
Dodge: Dodged            ||    16
Block: Buckler           ||     2
